 Dungeon Crawl Stone Soup version 0.29.1-15-g9cfb28693d (webtiles) character file.

Game seed: 6428344982033333659

170 croobank the Sneak (level 5, -2/37 HPs)
             Began as an Octopode Delver on Mar 12, 2023.
             Killed from afar by an orc wizard (11 damage)
             ... with a puff of flame
             ... on level 4 of the Dungeon on Mar 13, 2023.
             The game lasted 00:07:26 (4179 turns).

croobank the Sneak (Octopode Delver)                Turns: 4179, Time: 00:07:26

Health: -2/37      AC:  5    Str: 11    XL:     5   Next: 51%
Magic:  6/6        EV: 13    Int: 15    God:
Gold:   203        SH:  0    Dex: 13    Spells: 3/5 levels left

rFire   . . .      SeeInvis .   a - +0 hand axe
rCold   . . .      Faith    .   (no shield)
rNeg    . . .      Spirit   .   (helmet restricted)
rPois   .          Reflect  .   (no amulet)
rElec   .          Harm     .   s - +4 ring of protection
rCorr   .          Rampage  .   (no ring)
Will    .....                   (no ring)
Stlth   ++++......              (no ring)
HPRegen 0.12/turn               (no ring)
MPRegen 0.10/turn               (no ring)
                                (no ring)
                                (no ring)

@: on berserk cooldown, slowed, very slow
A: almost no armour, amphibious, 8 rings, camouflage 1, gelatinous body 1,
(nimble swimmer 1), tentacles
a: no special abilities


You were on level 4 of the Dungeon.
You visited 1 branch of the dungeon, and saw 6 of its levels.

You collected 203 gold pieces.

Inventory:

Hand Weapons
 a - a +0 hand axe (weapon)
 c - a +0 dagger of venom
 j - a +0 short sword
 v - a +0 long sword
Missiles
 l - 16 poisoned darts (quivered)
 n - 4 boomerangs
Jewellery
 s - a +4 ring of protection (left tentacle)
Wands
 f - a wand of digging (3)
 u - a wand of quicksilver (3)
Scrolls
 b - a scroll of fog
 d - a scroll of immolation
 g - 2 scrolls of magic mapping
 k - 2 scrolls of poison
 q - 2 scrolls of noise
Potions
 e - a potion of haste
 i - a potion of degeneration {unknown}
 m - a potion of flight
 p - 2 potions of magic
 t - a potion of brilliance


   Skills:
 + Level 3.7 Fighting
 + Level 3.0 Axes
 + Level 3.0 Dodging
 + Level 7.4 Stealth
 + Level 0.8 Spellcasting
 + Level 0.9 Hexes
 + Level 1.1 Ice Magic


You had 3 spell levels left.
You knew the following spells:

 Your Spells              Type           Power      Damage    Failure   Level
a - Ensorcelled Hibernat  Hex/Ice        6%         N/A       24%         2

Your spell library contained the following spells:

 Spells                   Type           Power      Damage    Failure   Level
 Passwall                 Tmut/Erth      0%         N/A       36%         2
 Swiftness                Air            0%         N/A       58%         3


Dungeon Overview and Level Annotations

Branches:
Dungeon (6/15)
 Temple: D:4-7

Altars:

Annotations:
D:2 Terence
D:3 1 runed translucent door, Crazy Yiuf
D:4 Edmund
D:6 Eustachio


Innate Abilities, Weirdness & Mutations

You cannot wear most types of armour.
You are amphibious.
You can wear up to eight rings at the same time.
Your skin changes colour to match your surroundings (Stealth+).
Your rubbery body absorbs attacks. (AC +1, EV +1)
((You are camouflaged when in or above water. (Stealth+)))
You have tentacles for arms and can constrict up to eight enemies at once.


Message History

You're too confused to move!
The orc wizard hits you but does no damage.
The orc wizard attacks as you move away!
The orc wizard hits you but does no damage.
The orc wizard attacks as you move away!
The orc wizard hits you with a +0 dagger.
You feel less confused.
The orc wizard mumbles some strange words.
The orc wizard flickers and vanishes!
Deactivating autopickup; reactivate with Ctrl-A.
A puff of flame appears from out of thin air!
The puff of flame hits you!
You feel better.
A puff of flame appears from out of thin air!
The puff of flame hits you.
A red film seems to cover your vision as you go berserk!
You feel yourself moving faster!
You feel mighty!
You feel a strong urge to attack something.
Something hits you.
You barely miss something. Something hits you.
You closely miss something. You miss something.
Something hits you but does no damage.
You hit something. Your squeeze misses something.
You are no longer berserk.
You are exhausted.
You feel yourself slow down. Something hits you.
You barely miss something. Something hits you.
* * * LOW HITPOINT WARNING * * *
You hear some strange, mumbled words.
Something tries to affect you, but you resist.
You miss something. Your squeeze misses something.
Something completely misses you. Something hits you but does no damage.
You barely miss something. Your squeeze misses something. Something hits you.
* * * LOW HITPOINT WARNING * * *
You hit something but do no damage. Your squeeze misses something.
Something hits you but does no damage.
You hear some strange, mumbled words.
A puff of flame appears from out of thin air!
The puff of flame hits you!
You die...

### .#### ##
.##.##
.#########.#...###
..................
.#######.........#
.....# #.#.##.##.#
####.# #.#.### #.#
..##.# #.# ..# #.#
#.##.# #.# #.# #@#
.....# #.# #.# #{#
#.#### #.###.###.#
. #.# #.........#
... #.#
###.....####.....
..#
#......))......
###
#.....####.....
##...## ... #####
.


There were no monsters in sight!

Vanquished Creatures
  A hound (D:4)
  An orc wizard (D:4)
  2 adders
  An ufetubus (D:4)
  2 worms
  8 orcs
  4 endoplasms
  9 giant cockroaches
  7 goblins
  5 hobgoblins
  4 jackals (D:1)
  2 quokkas (D:1)
  10 ball pythons
  3 bats
  6 frilled lizards
  5 kobolds
  4 rats
74 creatures vanquished.

Vanquished Creatures (others)
  12 demonic plants (D:1)
  2 fungi (D:1)
  5 plants (D:1)
  10 withered plants (D:1)
29 creatures vanquished.

Grand Total: 103 creatures vanquished

Notes
Turn   | Place    | Note
-------+----------+-------------------------------------------
     0 | D:5      | croobank the Octopode Delver began the quest for the Orb.
     0 | D:5      | Reached XP level 1. HP: 16/16 MP: 1/1
     4 | D:6      | Noticed a necrophage
    14 | D:6      | Noticed Eustachio
    18 | D:6      | Noticed a quasit
    22 | D:5      | Noticed an ice beast
    31 | D:5      | Noticed a scorpion
    32 | D:5      | Noticed a black bear
    41 | D:5      | Noticed a phantom
    42 | D:5      | Noticed an orc wizard
    45 | D:5      | Noticed an orc wizard
   363 | D:3      | Reached XP level 2. HP: 14/21 MP: 2/2
  1072 | D:1      | Reached XP level 3. HP: 26/26 MP: 3/3
  1239 | D:1      | Found a faded altar of an unknown god.
  1278 | D:1      | Reached skill level 7 in Stealth
  1949 | D:2      | Reached XP level 4. HP: 24/31 MP: 4/4
  2211 | D:2      | Noticed Terence
  2218 | D:2      | Learned a level 2 spell: Ensorcelled Hibernation
  3296 | D:3      | Found a runed translucent door.
  3297 | D:3      | Noticed Crazy Yiuf
  3997 | D:4      | Reached skill level 1 in Ice Magic
  3997 | D:4      | Reached XP level 5. HP: 34/36 MP: 4/6
  4053 | D:4      | Noticed Edmund
  4179 | D:4      | Killed from afar by an orc wizard

Illustrated notes

Levels and vault maps discovered:
D:1:      dpeg_arrival_another_circle, layout_loops_ring,
          shapermc_ecumenical_altar_gd
D:2:      layout_basic, amethyst_killhole, minmay_worlds_worst_comb,
          uniq_terence
D:3:      layout_basic, uniq_crazy_yiuf_cottage
D:4:      layout_loops_corners, uniq_edmund
D:5:      minmay_spotlight, layout_rooms, mainiacjoe_overflow_small_starburst,
          hex_medium, corexii_hall_statues_u, kennysheep_crisscross,
          minmay_misc_feat_five
D:6:      layout_basic, sigmund_army, uniq_eustachio

Skill      XL: |  1  2  3  4  5 |
---------------+----------------+-----
Stealth        | 7 |  7.4
Ice Magic      | 1 |  1.1
Axes           | 3 |  3.0
Dodging        | 3 |  3.0
Fighting       | |  3.7
Spellcasting   | |  0.8
Hexes          | |  0.9

Action                   |  1- 3 |  4- 6 || total
-------------------------+-------+-------++-------
Melee: Hand axe          |    61 |    81 ||   142
       Tentacles         |     9 |    14 ||    23
       Constrict         |    16 |    17 ||    33
       Punch             |       |     1 ||     1
  Use: Scroll            |     1 |    10 ||    11
       Potion            |       |     2 ||     2
 Stab: Sleeping          |    14 |    14 ||    28
       Distracted        |     1 |       ||     1
Armor: Skin              |     7 |    11 ||    18
Dodge: Dodged            |    32 |    51 ||    83
